 Seeded DCSS version 0.30.0-29-ga12c61a403 (webtiles) character file.

Game seed: 6351066067085065685 (custom seed)

5026 Esekla the Thaumaturge (level 10, -1/52 HPs)
             Began as a Deep Elf Necromancer on June 24, 2023.
             Was an Elder of Vehumet.
             Slain by an orc knight
             ... wielding a +0 glaive
              (24 damage)
             ... in a bailey on June 26, 2023.
             The game lasted 01:05:22 (8998 turns).

Esekla the Thaumaturge (Deep Elf Necromancer)       Turns: 8998, Time: 01:05:23

Health: -1/52      AC:  6    Str:  5    XL:     10   Next: 30%
Magic:  29/36      EV: 15    Int: 25    God:    Vehumet [****..]
Gold:   555        SH:  0    Dex: 15    Spells: 20/32 levels left

rFire   . . .        c - +4 great sword
rCold   . . .        (shield currently unavailable)
rNeg    . . .        g - +0 robe
rPois   .            w - +1 helmet
rElec   .            H - +0 cloak
rCorr   .            k - +0 pair of gloves
SInv    .            (no boots)
Will    +....        B - amulet of magic regeneration
Stlth   +++          N - ring of magical power
HPRegen 0.28/turn    (no ring)
MPRegen 0.65/turn

%: no passive effects
@: no status effects
A: no striking features
a: Renounce Religion


You were in a bailey.
You worshipped Vehumet.
Vehumet was greatly pleased with you.
You visited 1 branch of the dungeon, and saw 9 of its levels.
You also visited: Bailey.

You collected 555 gold pieces.

Inventory:

Hand Weapons
 a - a +3 vampiric dagger
 c - a +4 great sword (weapon)
 r - a +4 trident of venom
 v - a +2 rapier of venom
 P - the +2 bardiche of Puhoisos {heavy, rElec Stlth+}
   (You found it in a bailey)

   rElec:     It insulates you from electricity.
   Stlth:     It makes you more stealthy.
Missiles
 l - 5 throwing nets
 q - 21 poisoned darts (quivered)
 K - 3 curare-tipped darts
 M - 3 boomerangs
Armour
 g - a +0 robe (worn)
 k - a +0 pair of gloves (worn)
 w - a +1 helmet (worn)
 H - a +0 cloak (worn)
Jewellery
 B - an amulet of magic regeneration (around neck)
 N - a ring of magical power (left hand)
Wands
 n - a wand of flame (4)
 o - a wand of roots (16)
 I - a wand of mindburst (7)
Scrolls
 e - 3 scrolls of fear {unknown}
 f - a scroll of magic mapping {unknown}
 p - a scroll of silence {unknown}
 t - a scroll of enchant armour {unknown}
 u - 2 scrolls of enchant weapon
 x - a scroll of summoning {unknown}
 y - a scroll of immolation {unknown}
 z - 2 scrolls of amnesia {unknown}
 A - a scroll of fog
 D - 4 scrolls of blinking
 E - 2 scrolls of teleportation {unknown}
 F - 3 scrolls of identify
 G - 2 scrolls of poison {unknown}
 J - 3 scrolls of noise {unknown}
 L - a scroll of torment {unknown}
Potions
 b - a potion of magic
 d - 3 potions of ambrosia
 h - 2 potions of heal wounds
 i - 3 potions of haste
 j - 8 potions of curing
 m - 3 potions of brilliance
 s - 6 potions of attraction
 C - a potion of lignification
 O - a potion of mutation


   Skills:
 - Level 1.3 Fighting
 + Level 3.3 Short Blades
 + Level 1.7 Throwing
 * Level 7.2 Dodging
 + Level 5.5 Stealth
 * Level 11.6 Spellcasting
 + Level 3.2 Conjurations
 + Level 9.5 Necromancy
 - Level 3.2 Translocations
 * Level 1.2 Transmutations
 * Level 1.2 Fire Magic
 + Level 3.0 Air Magic
 * Level 1.9 Poison Magic
 + Level 0.8 Evocations


You had 20 spell levels left.
You knew the following spells:

 Your Spells              Type           Power      Damage    Failure   Level
a - Necrotise             Necr           100%       1d9       1%          1
b - Teleport Other        Tloc           30%        N/A       3%          3
d - Vampiric Draining     Necr           58%        2d10      1%          3
e - Static Discharge      Conj/Air       60%        2-5/arc   1%          2
n - Ignite Poison         Fire/Tmut/Pois 21%        N/A       1%          3

Your spell library contained the following spells:

 Spells                   Type           Power      Damage    Failure   Level
 Lesser Beckoning         Tloc           60%        N/A       1%          2
 Animate Dead             Necr           58%        N/A       1%          4
 Agony                    Necr           58%        N/A       2%          5
 Gell's Gravitas          Tloc           30%        N/A       3%          3
 Spider Form              Tmut/Pois      22%        N/A       6%          3
 Cause Fear               Hex            7%         N/A       38%         4
 Summon Mana Viper        Hex/Summ       14%        N/A       75%         5


Dungeon Overview and Level Annotations

Branches:
Dungeon (9/15)             Temple (0/1) D:6          Bailey (1/1)
   Lair: D:8-11         Orc: D:9-12

Altars:
Dithmenos
Fedhas
Hepliaklqana
Okawaru
Qazlal
Trog
Uskayaw
Vehumet
Zin
The Shining One

Shops:
D:2 =   D:4 (


Message History

Press: ? - help, Q - select action, (/) - cycle Shift-Dir - straight line, f/p - orc knight
Aim: an orc knight, wielding a +0 glaive and wearing a +0 plate armour (lightly wounded, poisoned, 57% to hit)
You throw a poisoned dart.
The poisoned dart closely misses the orc knight.
The orc knight looks more healthy.
The orc knight yells noisily.
The orc knight hits you with a +0 glaive!!
Casting: Vampiric Draining (safe; 1% risk of failure)
Confirm with . or Enter, or press ? or * to list all spells.
Aiming: Vampiric Draining (safe; 1% risk of failure)
Press: ? - help, Shift-Dir - straight line, f/p - orc knight
Aim: an orc knight, wielding a +0 glaive and wearing a +0 plate armour (lightly wounded)
You draw life force from the orc knight!
You feel life coursing into your body. The orc knight barely misses you.
Casting: Vampiric Draining (safe; 1% risk of failure)
Confirm with . or Enter, or press ? or * to list all spells.
Aiming: Vampiric Draining (safe; 1% risk of failure)
Press: ? - help, Shift-Dir - straight line, f/p - orc knight
Aim: an orc knight, wielding a +0 glaive and wearing a +0 plate armour (lightly wounded)
Okay, then.
Unknown command.
Your +2 rapier of venom stops dripping with poison.
c - a +4 great sword (weapon)
Casting: Vampiric Draining (safe; 1% risk of failure)
Confirm with . or Enter, or press ? or * to list all spells.
Aiming: Vampiric Draining (safe; 1% risk of failure)
Press: ? - help, Shift-Dir - straight line, f/p - orc knight
Aim: an orc knight, wielding a +0 glaive and wearing a +0 plate armour (lightly wounded)
You draw life force from the orc knight!
You feel life coursing into your body.
The orc knight hits you with a +0 glaive!
Casting: Vampiric Draining (safe; 1% risk of failure)
Confirm with . or Enter, or press ? or * to list all spells.
Aiming: Vampiric Draining (safe; 1% risk of failure)
Press: ? - help, Shift-Dir - straight line, f/p - orc knight
Aim: an orc knight, wielding a +0 glaive and wearing a +0 plate armour (moderately wounded)
You draw life force from the orc knight.
You feel life coursing into your body.
The orc knight hits you with a +0 glaive!!
You die...

.......##.(.o.(.##..............#
......##.(#'#'#..##.............#
......#..##.#.##..#.............#
.....##.#########.##............#
.....##.')#:.?#.'.##............#
.....##.###o8.###.##............#
.....##.')#oo.#)'.##............#
.....##o####o####o##............#
......#..##∩.∩##@.##............#
......##..#'''##................#
.......##.o...##................#
≈.≈≈≈...##....##....≈≈≈.≈≈......#
#.##≈....#######....≈##)#≈≈.....#
#.∩#≈...............≈#∩)##≈.....#
.))......................#≈.....#
#.##≈...............≈##.##≈.....#
###≈≈...............≈≈###≈≈.....#


You could see an orc knight.

Vanquished Creatures
  A two-headed ogre (D:8)
  Pikel (D:5)
  Joseph (D:7)
  A steam dragon (D:8)
  A wyvern (D:7)
  Menkaure (D:7)
  An ice beast (D:6)
  A sky beast (D:6)
  6 orc warriors (Bailey)
  2 black bears
  2 ogres
  A centaur (D:7)
  A phantom (D:7)
  Blork the orc (D:6)
  2 kobold brigands
  2 gnoll sergeants
  A bullfrog (D:7)
  2 scorpions (D:5)
  3 wights (D:7)
  2 quasits (D:8)
  2 gnoll boudas
  6 hounds
  A jelly (D:6)
  Crazy Yiuf (D:7)
  4 orc priests (D:8)
  A sleepcap (D:5)
  5 iguanas
  5 orc wizards
  24 gnolls
  9 adders
  3 shadow imps (D:8)
  6 white imps
  4 ufetubi
  A worm (D:4)
  3 dart slugs
  47 orcs
  6 ball pythons
  4 bats
  4 endoplasms
  9 goblins
  7 hobgoblins
  A quokka (D:1)
  4 frilled lizards
  14 kobolds
  A rat (D:2)
205 creatures vanquished.

Notes
Turn   | Place    | Note
-------+----------+-------------------------------------------
     0 | D:1      | Esekla the Deep Elf Necromancer began the quest for the
                  | Orb.
     0 | D:1      | Reached XP level 1. HP: 10/10 MP: 6/6
   286 | D:1      | Reached skill level 5 in Necromancy
   356 | D:1      | Reached XP level 2. HP: 15/15 MP: 8/8
   568 | D:4      | Found a radiant altar of Vehumet.
   572 | D:4      | Became a worshipper of Vehumet
   775 | D:1      | Reached XP level 3. HP: 19/19 MP: 9/9
   779 | D:1      | Learned a level 3 spell: Vampiric Draining
  1009 | D:2      | Reached skill level 1 in Short Blades
  1161 | D:2      | Found Renulab's Jewellery Shop.
  1230 | D:2      | Noticed a black bear
  1234 | D:2      | Reached XP level 4. HP: 24/24 MP: 11/11
  1291 | D:2      | Killed a black bear
  1292 | D:2      | Reached skill level 4 in Spellcasting
  1292 | D:2      | Reached XP level 5. HP: 28/28 MP: 5/13
  1532 | D:2      | Found a faded altar of an unknown god.
  1743 | D:3      | Identified the +5 rapier of the Hero {heavy, rN+ Dex+3}
  2194 | D:3      | Found a hazy altar of Hepliaklqana.
  2198 | D:3      | Found a bloodstained altar of Trog.
  2201 | D:3      | Found a stormy altar of Qazlal.
  2207 | D:3      | Reached skill level 1 in Fighting
  2328 | D:4      | Found Ponaysk's Antique Weapon Boutique.
  2424 | D:4      | Reached XP level 6. HP: 25/34 MP: 10/14
  2506 | D:4      | Found a glowing silver altar of Zin.
  2518 | D:4      | Found an iron altar of Okawaru.
  2548 | D:4      | Found a glowing golden altar of the Shining One.
  3093 | D:4      | Reached * piety under Vehumet
  3093 | D:4      | Offered knowledge of Freeze by Vehumet.
  3438 | D:4      | Reached skill level 5 in Spellcasting
  3610 | D:5      | Entered Level 5 of the Dungeon
  3804 | D:5      | Got the Parchment of the Lumpy Olives
  3949 | D:5      | Reached XP level 7. HP: 37/38 MP: 8/17
  4225 | D:5      | Found a shadowy altar of Dithmenos.
  4506 | D:5      | Reached skill level 6 in Spellcasting
  4788 | D:6      | Reached skill level 1 in Throwing
  4864 | D:6      | Noticed Pikel
  4917 | D:6      | Reached skill level 7 in Spellcasting
  5051 | D:6      | Reached XP level 8. HP: 35/43 MP: 14/20
  5058 | D:6      | Reached ** piety under Vehumet
  5076 | D:6      | Found a blossoming altar of Fedhas.
  5078 | D:6      | Offered knowledge of Static Discharge by Vehumet.
  5104 | D:6      | Learned a level 2 spell: Static Discharge
  5108 | D:6      | Learned a level 3 spell: Teleport Other
  5183 | D:5      | Reached skill level 5 in Stealth
  5215 | D:5      | Killed Pikel
  5216 | D:5      | Reached skill level 5 in Dodging
  5216 | D:5      | Reached skill level 8 in Spellcasting
  5216 | D:5      | Reached skill level 1 in Conjurations
  5216 | D:5      | Reached skill level 1 in Translocations
  5216 | D:5      | Reached skill level 1 in Air Magic
  5376 | D:6      | Found a staircase to the Ecumenical Temple.
  5566 | D:6      | Noticed Blork the orc
  5635 | D:6      | Killed Blork the orc
  5931 | D:7      | Reached skill level 9 in Spellcasting
  5931 | D:7      | Reached XP level 9. HP: 19/47 MP: 9/24
  6153 | D:7      | Noticed Menkaure
  6455 | D:7      | Noticed Joseph
  6515 | D:7      | Killed Joseph
  6853 | D:7      | Found a runed translucent door.
  6854 | D:7      | Noticed Crazy Yiuf
  6863 | D:7      | Killed Crazy Yiuf
  6939 | D:7      | Killed Menkaure
  6940 | D:7      | Reached skill level 10 in Spellcasting
  7226 | D:8      | Offered knowledge of Stone Arrow by Vehumet.
  7266 | D:8      | Reached *** piety under Vehumet
  7569 | D:8      | Found a hide-covered altar of Uskayaw.
  7574 | D:8      | Offered knowledge of Ignite Poison by Vehumet.
  7590 | D:8      | Learned a level 3 spell: Ignite Poison
  7607 | D:8      | Noticed a two-headed ogre
  7795 | D:8      | Reached XP level 10. HP: 52/52 MP: 26/26
  7902 | D:8      | Found a transporter.
  7902 | D:8      | Found a transporter.
  7903 | D:8      | Found a transporter.
  8201 | D:8      | Found a transporter.
  8248 | D:8      | Killed a two-headed ogre
  8249 | D:8      | Reached skill level 11 in Spellcasting
  8249 | D:8      | Reached skill level 1 in Transmutations
  8249 | D:8      | Reached skill level 1 in Fire Magic
  8249 | D:8      | Reached skill level 1 in Poison Magic
  8469 | D:9      | Found a flagged portal.
  8472 | D:9      | Reached **** piety under Vehumet
  8499 | Bailey   | Entered a bailey
  8961 | Bailey   | Identified the +2 bardiche of Puhoisos {heavy, rElec
                  | Stlth+}
  8963 | Bailey   | Noticed an orc knight
  8963 | Bailey   | Noticed an orc knight
  8998 | Bailey   | Slain by an orc knight

Illustrated notes

Levels and vault maps discovered:
D:1:      sevenhm_arrival_forest_fort_small_3, layout_rooms,
          chequers_serial_rivers_room_b, minmay_misc_feat_five
D:2:      layout_loops_ring, dreamdust_ecumenical_altar_angels_and_demons,
          serial_shops, shop
D:3:      layout_basic, grunt_temple_overflow_open, minmay_misc_feat_iff
D:4:      layout_basic, nicolae_overflow_quartered_altars, serial_shops,
          nicolae_diamond_shop
D:5:      layout_loops_ring, lemuel_doored_altar, minmay_misc_feat_rows,
          dreamdust_wishing_well
D:6:      layout_loops_cross, fedhas_altar_fruit_tree,
          minmay_temple_entry_glass, uniq_pikel, uniq_blork_the_orc
D:7:      layout_basic, uniq_menkaure, uniq_joseph, uniq_crazy_yiuf_cottage
D:8:      layout_basic, nicolae_uskayaw_dance_hall, serial_demonic,
          serial_demonic_d, serial_demonic_a, serial_demonic_c,
          serial_demonic_c, nicolae_diode_quadrants
D:9:      layout_irregular_city, kennysheep_little_box, enter_bailey_4,
          minmay_between, uniq_harold
Bailey:   bailey_polearm_2, bailey

Skill      XL: |  1  2  3  4  5  6  7  8  9 10 |
---------------+-------------------------------+-----
Necromancy     | 5 6 7 8 9 |  9.5
Stealth        | 3 4 5 |  5.5
Short Blades   | 1 2 3 |  3.3
Dodging        | 3 4 5 6 7 |  7.2
Spellcasting   | 4 5 7 9 10 11 | 11.6
Fighting       | 1 |  1.3
Throwing       | 1 |  1.7
Conjurations   | 1 3 |  3.2
Translocations | 2 3 |  3.2
Air Magic      | 1 3 |  3.0
Transmutations | 1 |  1.2
Fire Magic     | 1 |  1.2
Poison Magic   | 1 |  1.9
Evocations     | |  0.8

Action                     |  1- 3 |  4- 6 |  7- 9 | 10-12 || total
---------------------------+-------+-------+-------+-------++-------
  Melee: Short sword       |    11 |       |       |       ||    11
         Unarmed           |     9 |       |       |       ||     9
         Dagger            |    66 |    63 |   232 |    62 ||   423
         Punch             |     1 |     1 |     4 |       ||     6
         Rapier            |       |    32 |       |       ||    32
  Throw: Dart              |       |    19 |    16 |     9 ||    44
   Cast: Vampiric Draining |     3 |    21 |    93 |    23 ||   140
         Static Discharge  |       |       |    33 |     5 ||    38
         Ignite Poison     |       |       |       |     1 ||     1
  Evoke: Wand              |       |     2 |    15 |       ||    17
    Use: Scroll            |       |     7 |     3 |       ||    10
         Potion            |       |       |     1 |       ||     1
   Stab: Sleeping          |     3 |     4 |     7 |     1 ||    15
         Distracted        |     1 |       |     3 |       ||     4
 Armour: Robe              |    16 |    15 |    51 |    23 ||   105
  Dodge: Dodged            |    42 |    73 |   218 |    82 ||   415
